Eagles vs Wolfpack (R1)

Created - November 23, 2025 at 20:32

Goals
1 2 3 T
Eagles 1 1 0 2
Wolfpack 1 2 1 4
Shots
1 2 3 T
Eagles 9 10 12 31
Wolfpack 9 20 4 33

1st period

1. Eagles , Gabriel Vilardi 7 (Michael Carcone 5, Jack Hughes 10) at 14:17
2. Wolfpack , Nolan Patrick 7 (Joshua Jacobs 2, Owen Tippet 6) at 19:30

Penalties :
Shane Pinto (Har) for Holding (Minor) at 4:47, Mattias Samuelsson (Col) for Hooking (Minor) at 7:07, Gabriel Vilardi (Col) for High sticking (Minor) at 10:28, Cale Fleury (Har) for Holding (Minor) at 14:45, Max Lajoie (Col) for Holding (Minor) at 19:35

2nd period

3. Eagles , Zach Aston-Reese 2 (Pius Suter 2) at 5:57 (PP)
4. Wolfpack , K'Andre Miller 3 (Alex Barre-Boulet 2) at 7:00 (PP)
5. Wolfpack , Owen Tippet 9 (Nolan Patrick 8) at 16:28 (PP)

Penalties :
Dryden Hunt (Har) for Roughing (Minor) at 4:48, Matteson Iacopelli (Col) for High sticking (Minor) at 6:47, Alexander Barabanov (Har) for Holding (Minor) at 9:25, Pius Suter (Col) for Hooking (Minor) at 14:50

3rd period

6. Wolfpack , Nolan Patrick 8 (Tim Stutzle 6, Linus Sandin 5) at 19:27 (Empty Net)

Penalties :
Keaton Middleton (Col) for Holding Stick (Minor) at 2:46, Owen Tippet (Har) for Holding (Minor) at 6:28

Goalie Stats

Daniel Altshuller (Col), 29 saves from 32 shots - (0.906), L, 2-4-1, 59:44 minutes
Samuel Ersson (Har), 29 saves from 31 shots - (0.935), W, 6-0-0, 60:00 minutes

Players Stats for Eagles

Player Name              G  A  P  +/- PIM S  H  SB GA TA FO     MP     PP MP  PK MP  
------------------------------------------------------------------------------------
                         0  0  0   0  0   0  0  0  0  0  0/0     0:00   0:00   0:00 
                         0  0  0   0  0   0  0  0  0  0  0/0     0:00   0:00   0:00 
                         0  0  0   0  0   0  0  0  0  0  0/0     0:00   0:00   0:00 
                         0  0  0   0  0   0  0  0  0  0  0/0     0:00   0:00   0:00 
                         0  0  0   0  0   0  0  0  0  0  0/0     0:00   0:00   0:00 
                         0  0  0   0  0   0  0  0  0  0  0/0     0:00   0:00   0:00 
                         0  0  0   0  0   0  0  0  0  0  0/0     0:00   0:00   0:00 
Brett Leason             0  0  0   0  0   1  0  1  1  0  0/0    10:17   3:27   0:00 
Elmer Soderblom          0  0  0   0  0   2  1  0  0  0  0/0     7:42   0:00   0:11 
Gabriel Vilardi          1  0  1   0  2   6  2  0  0  0  1/3    19:11   4:33   1:23 
Jack Hughes              0  1  1   0  0   6  1  0  1  0  8/19   19:58   4:24   2:24 
Justin Barron            0  0  0   0  0   1  0  1  2  1  0/0    20:50   5:31   1:49 
Keaton Middleton         0  0  0  -1  2   2  3  0  1  0  0/0    22:33   3:34   5:01 
Kevin Bahl               0  0  0  -1  0   1  1  2  0  0  0/0    19:39   0:00   3:32 
Matteson Iacopelli       0  0  0  -1  2   1  0  0  0  0  0/0     9:59   0:39   0:00 
Matthew Phillips         0  0  0   0  0   2  0  0  0  0  0/0    12:32   0:42   0:00 
Mattias Samuelsson       0  0  0  -1  2   0  3  1  0  1  0/0    23:20   5:31   5:05 
Max Lajoie               0  0  0   0  2   0  1  1  0  2  0/0    20:09   3:34   2:59 
Michael Carcone          0  1  1   0  0   3  3  0  2  0  0/1    19:39   4:33   2:24 
Nils Aman                0  0  0   0  0   0  0  0  0  0  1/3     7:31   0:00   0:00 
Pius Suter               0  1  1  -1  2   1  3  0  1  0  0/1    13:27   3:53   1:07 
Sam Steel                0  0  0   0  0   1  1  0  2  0  13/25  17:48   0:00   6:01 
Santeri Hatakka          0  0  0   1  0   0  1  0  0  0  0/0    14:08   0:00   1:08 
Tyler Motte              0  0  0   0  0   1  4  2  0  1  0/1    19:03   1:11   6:04 
Zach Aston-Reese         1  0  1  -1  0   3  1  0  1  0  4/7    12:21   3:53   0:00 

Players Stats for Wolfpack

Player Name              G  A  P  +/- PIM S  H  SB GA TA FO     MP     PP MP  PK MP  
------------------------------------------------------------------------------------
                         0  0  0   0  0   0  0  0  0  0  0/0     0:00   0:00   0:00 
                         0  0  0   0  0   0  0  0  0  0  0/0     0:00   0:00   0:00 
                         0  0  0   0  0   0  0  0  0  0  0/0     0:00   0:00   0:00 
                         0  0  0   0  0   0  0  0  0  0  0/0     0:00   0:00   0:00 
                         0  0  0   0  0   0  0  0  0  0  0/0     0:00   0:00   0:00 
                         0  0  0   0  0   0  0  0  0  0  0/0     0:00   0:00   0:00 
                         0  0  0   0  0   0  0  0  0  0  0/0     0:00   0:00   0:00 
Alex Barre-Boulet        0  1  1  -1  0   0  1  1  0  0  7/9    18:06   3:48   2:34 
Alexander Barabanov      0  0  0   1  2   1  0  1  1  0  2/3    22:15   5:21   2:19 
Alexander Volkov         0  0  0   0  0   1  0  0  0  0  0/0     5:01   0:00   0:00 
Andrei Altybarmakyan     0  0  0  -1  0   2  1  0  1  1  0/0    14:55   3:48   0:00 
Andrew Peeke             0  0  0   0  0   0  0  0  0  0  0/0     9:59   2:42   2:20 
Cale Fleury              0  0  0   0  2   0  2  0  1  4  0/0    20:32   4:32   3:27 
Colton White             0  0  0   0  0   4  2  1  0  3  0/0    28:12   5:15   4:42 
Dante Fabbro             0  0  0   0  0   0  0  1  0  1  0/0    14:50   0:00   2:54 
Dryden Hunt              0  0  0   0  2   2  0  0  0  0  0/0    19:09   3:48   2:00 
Jake Marchment           0  0  0   0  0   0  1  0  0  0  3/6    11:22   0:38   0:09 
Joshua Jacobs            0  1  1   0  0   3  0  1  0  1  0/0    14:42   1:50   0:13 
K'Andre Miller           1  0  1   0  0   3  3  1  0  0  0/0    27:29   5:15   4:34 
Linus Sandin             0  1  1   1  0   1  2  0  0  1  0/1    13:47   0:38   2:32 
Nolan Patrick            2  1  3   2  0   7  1  1  0  0  21/38  27:23   5:21   3:32 
Owen Tippet              1  1  2   1  2   8  4  0  2  0  0/2    22:51   5:21   3:31 
Shane Pinto              0  0  0   0  2   0  2  0  0  0  0/0     5:03   0:00   0:00 
Tim Stutzle              0  1  1   1  0   0  0  0  0  0  0/1     5:08   0:38   1:33 
Yegor Korshkov           0  0  0   1  0   1  2  0  0  0  0/0    10:06   0:00   0:00 

3 Stars

1 - Nolan Patrick (Har)
2 - Owen Tippet (Har)
3 - K'Andre Miller (Har)

Power Play

Eagles - 1 on 5 Attempt(s) - 20.00%
Wolfpack - 2 on 6 Attempt(s) - 33.33%

Penalty Kill

Eagles - 4 on 6 Attempt(s) - 66.67% - Score 0 goal in Penalty Kill
Wolfpack - 4 on 5 Attempt(s) - 80.00% - Score 0 goal in Penalty Kill

Team Stat

Eagles - Hits : 25 - Faceoff Wins : 27 - Blocked Shots : 8 - Penalty Minutes : 12
Wolfpack - Hits : 21 - Faceoff Wins : 33 - Blocked Shots : 7 - Penalty Minutes : 10

Official

Referees : Kevin Pollock and Steve Kozari
Linesman : Trent Knorr and David Brisebois

Game Notes

Andrew Peeke is injured at 5:53 of 2nd period (Bruised Left Foot)
Nolan Patrick has scored in a empty net!

Finance

Level 1 -- Attendance: 2000 (100.00%) -- Ticket Income $140,000
Level 2 -- Attendance: 953 (95.30%) -- Ticket Income $38,120
Total Attendance: 2953 (98.43%)
Total Ticket Income: $178,120
Other Income: $8,906
Total Income: $187,026

Eagles

5 vs 5 Forward 
   Center                   Left Wing                Right Wing               Time % Phy DF OF 
 1 Jack Hughes              Michael Carcone          Gabriel Vilardi          35     1   2  2  
 2 Sam Steel                Tyler Motte              Matthew Phillips         34     1   2  2  
 3 Zach Aston-Reese         Pius Suter               Matteson Iacopelli       21     1   2  2  
 4 Nils Aman                Elmer Soderblom          Brett Leason             10     1   2  2  

5 vs 5 Defense 
   Defense                  Defense                                           Time % Phy DF OF 
 1 Kevin Bahl               Keaton Middleton                                  34     1   2  2  
 2 Max Lajoie               Mattias Samuelsson                                33     1   2  2  
 3 Justin Barron            Santeri Hatakka                                   30     1   3  1  
 4 Justin Barron            Santeri Hatakka                                   3      1   2  2  

PowerPlay Forward 
   Center                   Left Wing                Right Wing               Time % Phy DF OF 
 1 Jack Hughes              Michael Carcone          Gabriel Vilardi          50     1   1  3  
 2 Zach Aston-Reese         Pius Suter               Brett Leason             50     1   1  3  

PowerPlay Defense
   Defense                  Defense                                           Time % Phy DF OF 
 1 Keaton Middleton         Max Lajoie                                        50     1   1  3  
 2 Mattias Samuelsson       Justin Barron                                     50     1   1  3  

Penalty Kill 4 Players Forward 
   Center                   Wing                     Time % Phy DF OF 
 1 Sam Steel                Tyler Motte              65     1   3  1  
 2 Jack Hughes              Gabriel Vilardi          35     1   3  1  

Penalty Kill 4 Players Defense
   Defense                  Defense                  Time % Phy DF OF 
 1 Keaton Middleton         Mattias Samuelsson       65     1   3  1  
 2 Kevin Bahl               Max Lajoie               35     1   3  1  

Penalty Kill - 3 Players Forward 
   Forward                                           Time % Phy DF OF 
 1 Tyler Motte                                       65     1   4  0  
 2 Sam Steel                                         35     1   4  0  

Penalty Kill - 3 Players Defense
   Defense                  Defense                  Time % Phy DF OF 
 1 Keaton Middleton         Mattias Samuelsson       70     1   4  0  
 2 Kevin Bahl               Max Lajoie               30     1   4  0  

4 vs 4 Forward 
   Center                   Wing                     Time % Phy DF OF 
 1 Jack Hughes              Gabriel Vilardi          50     1   2  2  
 2 Sam Steel                Matteson Iacopelli       50     1   2  2  

4 vs 4 Defense
   Defense                  Defense                  Time % Phy DF OF 
 1 Keaton Middleton         Kevin Bahl               50     1   2  2  
 2 Max Lajoie               Mattias Samuelsson       50     1   2  2  

Last Minutes Offensive
   Center                   Left Wing                Right Wing               Defense                  Defense                  
   Jack Hughes              Michael Carcone          Gabriel Vilardi          Keaton Middleton         Mattias Samuelsson       

Last Minutes Defensive
   Center                   Left Wing                Right Wing               Defense                  Defense                  
   Sam Steel                Tyler Motte              Gabriel Vilardi          Keaton Middleton         Kevin Bahl               

Goaltenders
Starting : Daniel Altshuller        
Backup : Devon Levi               

Extra Forwards
Normal : Matthew Phillips, Tyler Motte, Brett Leason - PP : Tyler Motte, Matthew Phillips - PK : Michael Carcone
Extra Defensemen
Normal : Mattias Samuelsson, Justin Barron, Santeri Hatakka - PP : Santeri Hatakka - PK : Justin Barron, Santeri Hatakka
Penalty Shots
Jack Hughes, Gabriel Vilardi, Pius Suter, Brett Leason, Sam Steel
Custom OT Lines Forwards
Tyler Motte, Michael Carcone, Gabriel Vilardi, Jack Hughes, Sam Steel, Zach Aston-Reese, Pius Suter, Matthew Phillips, Matteson Iacopelli, Brett Leason
Custom OT Lines Defensemen
Keaton Middleton, Mattias Samuelsson, Max Lajoie, Kevin Bahl, Justin Barron

Scratches
Chris Calhan (Healthy), Vasili Ponomaryov (Healthy), Dominik Kubalik (Healthy), Jonathan Racine (Healthy), Patrick Guay (Healthy)
Mark Friedman (Healthy), Tyler Tucker (Healthy), Michael Dal Colle (Healthy), Alexander Nylander (Healthy), Marian Studenic (Healthy)
Ilya Nikolaev (Healthy), Jacob Leguerrier (Healthy), Calle Clang (Healthy), Hugo Alnefelt (Healthy)

Wolfpack

5 vs 5 Forward 
   Center                   Left Wing                Right Wing               Time % Phy DF OF 
 1 Nolan Patrick            Alexander Barabanov      Owen Tippet              40     1   2  2  
 2 Alex Barre-Boulet        Dryden Hunt              Andrei Altybarmakyan     30     1   2  2  
 3 Jake Marchment           Yegor Korshkov           Linus Sandin             20     1   2  2  
 4 Shane Pinto              Nolan Patrick            Alexander Volkov         10     1   2  2  

5 vs 5 Defense 
   Defense                  Defense                                           Time % Phy DF OF 
 1 K'Andre Miller           Colton White                                      40     1   2  2  
 2 Cale Fleury              Andrew Peeke                                      30     1   2  2  
 3 Joshua Jacobs            Dante Fabbro                                      20     1   2  2  
 4 K'Andre Miller           Colton White                                      10     1   2  2  

PowerPlay Forward 
   Center                   Left Wing                Right Wing               Time % Phy DF OF 
 1 Nolan Patrick            Alexander Barabanov      Owen Tippet              60     1   2  2  
 2 Alex Barre-Boulet        Dryden Hunt              Andrei Altybarmakyan     40     1   2  2  

PowerPlay Defense
   Defense                  Defense                                           Time % Phy DF OF 
 1 K'Andre Miller           Colton White                                      60     1   2  2  
 2 Cale Fleury              Andrew Peeke                                      40     1   2  2  

Penalty Kill 4 Players Forward 
   Center                   Wing                     Time % Phy DF OF 
 1 Nolan Patrick            Owen Tippet              60     1   2  2  
 2 Alex Barre-Boulet        Alexander Barabanov      40     1   2  2  

Penalty Kill 4 Players Defense
   Defense                  Defense                  Time % Phy DF OF 
 1 K'Andre Miller           Colton White             60     1   2  2  
 2 Cale Fleury              Andrew Peeke             40     1   2  2  

Penalty Kill - 3 Players Forward 
   Forward                                           Time % Phy DF OF 
 1 Nolan Patrick                                     60     1   2  2  
 2 Owen Tippet                                       40     1   2  2  

Penalty Kill - 3 Players Defense
   Defense                  Defense                  Time % Phy DF OF 
 1 K'Andre Miller           Colton White             60     1   2  2  
 2 Cale Fleury              Andrew Peeke             40     1   2  2  

4 vs 4 Forward 
   Center                   Wing                     Time % Phy DF OF 
 1 Nolan Patrick            Owen Tippet              60     1   2  2  
 2 Alex Barre-Boulet        Alexander Barabanov      40     1   2  2  

4 vs 4 Defense
   Defense                  Defense                  Time % Phy DF OF 
 1 K'Andre Miller           Colton White             60     1   2  2  
 2 Cale Fleury              Andrew Peeke             40     1   2  2  

Last Minutes Offensive
   Center                   Left Wing                Right Wing               Defense                  Defense                  
   Nolan Patrick            Alexander Barabanov      Owen Tippet              K'Andre Miller           Colton White             

Last Minutes Defensive
   Center                   Left Wing                Right Wing               Defense                  Defense                  
   Nolan Patrick            Alexander Barabanov      Owen Tippet              K'Andre Miller           Colton White             

Goaltenders
Starting : Samuel Ersson            
Backup : Dustin Wolf              

Extra Forwards
Normal : Tim Stutzle, Jake Marchment, Linus Sandin - PP : Tim Stutzle, Jake Marchment - PK : Linus Sandin
Extra Defensemen
Normal : Joshua Jacobs, Dante Fabbro, Cale Fleury - PP : Joshua Jacobs - PK : Dante Fabbro, Cale Fleury
Penalty Shots
Nolan Patrick, Owen Tippet, Alex Barre-Boulet, Alexander Barabanov, Jake Marchment
Custom OT Lines Forwards
Nolan Patrick, Owen Tippet, Alex Barre-Boulet, Alexander Barabanov, Jake Marchment, Dryden Hunt, Andrei Altybarmakyan, Linus Sandin, Alexander Volkov, Yegor Korshkov
Custom OT Lines Defensemen
K'Andre Miller, Colton White, Cale Fleury, Andrew Peeke, Joshua Jacobs

Scratches
Ridly Greig (Healthy), Ryan Poehling (Healthy), Mason Shaw (Healthy), Ben Jones (Healthy), Samuel Houde (Healthy)
Carter Savoie (Healthy), Dylan Samberg (Healthy), Mikhail Vorobyev (Healthy), Jeffrey Viel (Healthy), Jack Drury (Healthy)
Jakub Lauko (Healthy), Martin Kaut (Healthy), Mathias Laferriere (Healthy), Maxwell Crozier (Healthy), Will Francis (Healthy)
Hugo Ollas (Healthy)

% Time on Ice - Eagles

Lines # - Real PCT - Wanted PCT - Time Play
Normal Forward
1 - 30% - 35% - 12:09
2 - 31% - 34% - 12:26
3 - 21% - 21% - 8:28
4 - 19% - 10% - 7:31
Normal Defense
1 - 36% - 34% - 14:28
2 - 34% - 33% - 13:39
3 - 31% - 30% - 12:27
4 - 0% - 3% - 0:00
PP Forward
1 - 52% - 50% - 4:46
2 - 48% - 50% - 4:19
PP Defense
1 - 39% - 50% - 3:34
2 - 61% - 50% - 5:31
PK Forward
1 - 79% - 65% - 7:44
2 - 21% - 35% - 2:03
PK Defense
1 - 64% - 65% - 6:15
2 - 36% - 35% - 3:32
PK3 Forward
1 - 0% - 65%
2 - 0% - 35%
PK3 Defense
1 - 0% - 70%
2 - 0% - 30%
44 Forward
1 - 0% - 50%
2 - 0% - 50%
44 Defense
1 - 0% - 50%
2 - 0% - 50%
Last Minute Offensive  - 0:34
Last Minute Defensive  - 0:00
Total
Forward - 60:00
Defense - 60:00

% Time on Ice - Wolfpack

Lines # - Real PCT - Wanted PCT - Time Play
Normal Forward
1 - 34% - 40% - 13:43
2 - 30% - 30% - 12:18
3 - 24% - 20% - 9:33
4 - 12% - 10% - 5:01
Normal Defense
1 - 39% - 40% - 15:59
2 - 38% - 30% - 15:27
3 - 23% - 20% - 9:09
4 - 0% - 10% - 0:00
PP Forward
1 - 61% - 60% - 5:59
2 - 39% - 40% - 3:48
PP Defense
1 - 54% - 60% - 5:15
2 - 46% - 40% - 4:32
PK Forward
1 - 72% - 60% - 6:31
2 - 28% - 40% - 2:34
PK Defense
1 - 53% - 60% - 4:47
2 - 47% - 40% - 4:18
PK3 Forward
1 - 0% - 60%
2 - 0% - 40%
PK3 Defense
1 - 0% - 60%
2 - 0% - 40%
44 Forward
1 - 0% - 60%
2 - 0% - 40%
44 Defense
1 - 0% - 60%
2 - 0% - 40%
Last Minute Offensive  - 0:00
Last Minute Defensive  - 0:33
Total
Forward - 60:00
Defense - 60:00

Play-by-Play

1st period


0:01 of 1st period - Nolan Patrick wins face-off versus Jack Hughes in neutral zone.
0:11 of 1st period - Kevin Bahl is hit by Colton White and loses puck.
0:35 of 1st period - Icing by Andrew Peeke.
0:36 of 1st period - Alex Barre-Boulet wins face-off versus Zach Aston-Reese in Wolfpack zone.
1:09 of 1st period - Slapshot by Linus Sandin.
1:09 of 1st period - Stopped by Daniel Altshuller without a rebound.
1:10 of 1st period - Sam Steel wins face-off versus Nolan Patrick in Eagles zone.
2:25 of 1st period - Snap shot by Alexander Volkov.
2:25 of 1st period - Shot Blocked by Justin Barron.
2:27 of 1st period - Snap shot by Cale Fleury.
2:27 of 1st period - Shot Misses the Net.
2:47 of 1st period - Snap shot by Sam Steel.
2:47 of 1st period - Shot Misses the Net.
3:19 of 1st period - Snap shot by Alex Barre-Boulet.
3:19 of 1st period - Shot Misses the Net.
3:41 of 1st period - Icing by Brett Leason.
3:42 of 1st period - Nils Aman wins face-off versus Nolan Patrick in Eagles zone.
3:42 of 1st period - Nils Aman is hit by Nolan Patrick.
4:16 of 1st period - Slapshot by Alexander Volkov.
4:16 of 1st period - Shot Misses the Net.
4:36 of 1st period - Slapshot by Alexander Volkov.
4:36 of 1st period - Stopped by Daniel Altshuller with a rebound.
4:47 of 1st period - Minor Penalty to Shane Pinto for Holding.
4:48 of 1st period - Jack Hughes wins face-off versus Linus Sandin in Wolfpack zone.
4:48 of 1st period - Slapshot by Gabriel Vilardi.
4:48 of 1st period - Shot Misses the Net.
5:34 of 1st period - Owen Tippet is hit by Pius Suter and loses puck.
6:47 of 1st period - Penalty to Shane Pinto is over, Shane Pinto is back on ice.
6:59 of 1st period - Dante Fabbro is hit by Tyler Motte.
7:07 of 1st period - Minor Penalty to Mattias Samuelsson for Hooking.
7:08 of 1st period - Sam Steel wins face-off versus Nolan Patrick in Eagles zone.
7:18 of 1st period - Off-side.
7:19 of 1st period - Sam Steel wins face-off versus Owen Tippet in neutral zone.
8:36 of 1st period - Alex Barre-Boulet is hit by Keaton Middleton and loses puck.
8:55 of 1st period - K'Andre Miller is hit by Max Lajoie and loses puck.
9:07 of 1st period - Penalty to Mattias Samuelsson is over, Mattias Samuelsson is back on ice.
9:26 of 1st period - Wrist shot by Dryden Hunt.
9:26 of 1st period - Shot Misses the Net.
9:37 of 1st period - Icing by Colton White.
9:38 of 1st period - Alex Barre-Boulet wins face-off versus Pius Suter in Wolfpack zone.
9:40 of 1st period - Dryden Hunt is hit by Santeri Hatakka and loses puck.
9:53 of 1st period - Snap shot by Andrei Altybarmakyan.
9:53 of 1st period - Stopped by Daniel Altshuller with a rebound.
9:55 of 1st period - Snap shot by Alex Barre-Boulet.
9:55 of 1st period - Shot Misses the Net.
10:19 of 1st period - Snap shot by Alex Barre-Boulet.
10:19 of 1st period - Deflect By Dryden Hunt.
10:19 of 1st period - Stopped by Daniel Altshuller without a rebound.
10:20 of 1st period - Alexander Barabanov wins face-off versus Jack Hughes in Eagles zone.
10:28 of 1st period - Minor Penalty to Gabriel Vilardi for High sticking.
10:29 of 1st period - Sam Steel wins face-off versus Nolan Patrick in Eagles zone.
11:20 of 1st period - Icing by Cale Fleury.
11:21 of 1st period - Jack Hughes wins face-off versus Tim Stutzle in Wolfpack zone.
11:22 of 1st period - Snap shot by Michael Carcone.
11:22 of 1st period - Shot Misses the Net.
11:24 of 1st period - Snap shot by Jack Hughes.
11:24 of 1st period - Shot Misses the Net.
11:26 of 1st period - Snap shot by Michael Carcone.
11:26 of 1st period - Stopped by Samuel Ersson with a rebound.
11:46 of 1st period - Cale Fleury is hit by Tyler Motte.
12:28 of 1st period - Penalty to Gabriel Vilardi is over, Gabriel Vilardi is back on ice.
12:45 of 1st period - Slapshot by Zach Aston-Reese.
12:45 of 1st period - Shot Blocked by Nolan Patrick.
13:05 of 1st period - Icing by Elmer Soderblom.
13:06 of 1st period - Jake Marchment wins face-off versus Nils Aman in Eagles zone.
13:42 of 1st period - Wrist shot by Zach Aston-Reese.
13:42 of 1st period - Stopped by Samuel Ersson without a rebound.
13:43 of 1st period - Nolan Patrick wins face-off versus Sam Steel in Wolfpack zone.
14:11 of 1st period - Snap shot by Gabriel Vilardi.
14:11 of 1st period - Shot Misses the Net.
14:13 of 1st period - Wrist shot by Jack Hughes.
14:13 of 1st period - Shot Misses the Net.
14:15 of 1st period - Wrist shot by Gabriel Vilardi.
14:15 of 1st period - Stopped by Samuel Ersson with a rebound.
14:17 of 1st period - Slapshot by Michael Carcone.
14:17 of 1st period - Deflect By Gabriel Vilardi.
14:17 of 1st period - Goal by Gabriel Vilardi - Eagles : 1 - Wolfpack : 0.
14:18 of 1st period - Nolan Patrick wins face-off versus Jack Hughes in neutral zone.
14:23 of 1st period - Wrist shot by Nolan Patrick.
14:23 of 1st period - Stopped by Daniel Altshuller without a rebound.
14:24 of 1st period - Jack Hughes wins face-off versus Nolan Patrick in Eagles zone.
14:24 of 1st period - Jack Hughes is hit by Owen Tippet.
14:45 of 1st period - Minor Penalty to Cale Fleury for Holding.
14:46 of 1st period - Nolan Patrick wins face-off versus Zach Aston-Reese in Wolfpack zone.
15:28 of 1st period - Snap shot by Jack Hughes.
15:28 of 1st period - Shot Blocked by Dante Fabbro.
16:45 of 1st period - Penalty to Cale Fleury is over, Cale Fleury is back on ice.
16:48 of 1st period - Cale Fleury is hit by Tyler Motte.
17:35 of 1st period - Icing by Zach Aston-Reese.
17:36 of 1st period - Jake Marchment wins face-off versus Zach Aston-Reese in Eagles zone.
17:37 of 1st period - Snap shot by Yegor Korshkov.
17:37 of 1st period - Stopped by Daniel Altshuller with a rebound.
17:51 of 1st period - Slapshot by Yegor Korshkov.
17:51 of 1st period - Shot Misses the Net.
18:05 of 1st period - Snap shot by Jack Hughes.
18:05 of 1st period - Stopped by Samuel Ersson without a rebound.
18:06 of 1st period - Jack Hughes wins face-off versus Owen Tippet in Wolfpack zone.
18:13 of 1st period - Snap shot by Jack Hughes.
18:13 of 1st period - Stopped by Samuel Ersson without a rebound.
18:14 of 1st period - Nolan Patrick wins face-off versus Jack Hughes in Wolfpack zone.
18:14 of 1st period - Nolan Patrick is hit by Michael Carcone.
18:49 of 1st period - Backhand shot by Matthew Phillips.
18:49 of 1st period - Deflect By Alex Barre-Boulet.
18:49 of 1st period - Stopped by Samuel Ersson without a rebound.
18:50 of 1st period - Jack Hughes wins face-off versus Nolan Patrick in Wolfpack zone.
19:01 of 1st period - Slapshot by Jack Hughes.
19:01 of 1st period - Stopped by Samuel Ersson with a rebound.
19:03 of 1st period - Slapshot by Keaton Middleton.
19:03 of 1st period - Shot Blocked by K'Andre Miller.
19:05 of 1st period - Backhand shot by Gabriel Vilardi.
19:05 of 1st period - Stopped by Samuel Ersson with a rebound.
19:24 of 1st period - Snap shot by Owen Tippet.
19:24 of 1st period - Stopped by Daniel Altshuller with a rebound.
19:26 of 1st period - Snap shot by Owen Tippet.
19:26 of 1st period - Shot Misses the Net.
19:28 of 1st period - Slapshot by Joshua Jacobs.
19:28 of 1st period - Stopped by Daniel Altshuller with a rebound.
19:30 of 1st period - Snap shot by Nolan Patrick.
19:30 of 1st period - Goal by Nolan Patrick - Eagles : 1 - Wolfpack : 1.
19:31 of 1st period - Alex Barre-Boulet wins face-off versus Sam Steel in neutral zone.
19:35 of 1st period - Minor Penalty to Max Lajoie for Holding.
19:36 of 1st period - Nolan Patrick wins face-off versus Sam Steel in Eagles zone.
Goals for this period are 1 for Eagles vs 1 for Wolfpack.
Shots for this period are 9 for Eagles vs 9 for Wolfpack.

2nd period


0:01 of 2nd period - Nolan Patrick wins face-off versus Sam Steel in neutral zone.
0:14 of 2nd period - Wrist shot by Owen Tippet.
0:14 of 2nd period - Stopped by Daniel Altshuller without a rebound.
0:15 of 2nd period - Sam Steel wins face-off versus Nolan Patrick in Eagles zone.
0:27 of 2nd period - Snap shot by Nolan Patrick.
0:27 of 2nd period - Shot Blocked by Tyler Motte.
0:45 of 2nd period - Slapshot by Colton White.
0:45 of 2nd period - Deflect By Jack Hughes.
0:45 of 2nd period - Stopped by Daniel Altshuller with a rebound.
1:35 of 2nd period - Penalty to Max Lajoie is over, Max Lajoie is back on ice.
1:37 of 2nd period - Gabriel Vilardi is hit by Andrei Altybarmakyan.
1:55 of 2nd period - Snap shot by Matteson Iacopelli.
1:55 of 2nd period - Shot Misses the Net.
2:57 of 2nd period - Slapshot by Pius Suter.
2:57 of 2nd period - Stopped by Samuel Ersson with a rebound.
2:59 of 2nd period - Snap shot by Zach Aston-Reese.
2:59 of 2nd period - Stopped by Samuel Ersson with a rebound.
3:36 of 2nd period - Jake Marchment is hit by Mattias Samuelsson and loses puck.
3:55 of 2nd period - Snap shot by Nolan Patrick.
3:55 of 2nd period - Shot Misses the Net.
3:57 of 2nd period - Snap shot by Alexander Barabanov.
3:57 of 2nd period - Shot Blocked by Kevin Bahl.
4:16 of 2nd period - Wrist shot by Andrei Altybarmakyan.
4:16 of 2nd period - Shot Misses the Net.
4:18 of 2nd period - Slapshot by K'Andre Miller.
4:18 of 2nd period - Stopped by Daniel Altshuller with a rebound.
4:28 of 2nd period - Colton White is hit by Zach Aston-Reese and loses puck.
4:48 of 2nd period - Minor Penalty to Dryden Hunt for Roughing.
4:49 of 2nd period - Nolan Patrick wins face-off versus Jack Hughes in Wolfpack zone.
4:54 of 2nd period - Icing by Justin Barron.
4:55 of 2nd period - Nolan Patrick wins face-off versus Gabriel Vilardi in Eagles zone.
4:58 of 2nd period - Wrist shot by Owen Tippet.
4:58 of 2nd period - Stopped by Daniel Altshuller with a rebound.
5:52 of 2nd period - Andrew Peeke is hit by Pius Suter and loses puck.
5:53 of 2nd period - Andrew Peeke from Wolfpack is injured at 5:53 of 2nd period (Bruised Left Foot).
5:54 of 2nd period - Zach Aston-Reese wins face-off versus Nolan Patrick in Wolfpack zone.
5:55 of 2nd period - Snap shot by Pius Suter.
5:55 of 2nd period - Shot Misses the Net.
5:57 of 2nd period - Wrist shot by Zach Aston-Reese.
5:57 of 2nd period - Goal by Zach Aston-Reese - Eagles : 2 - Wolfpack : 1.
5:58 of 2nd period - Nolan Patrick wins face-off versus Sam Steel in neutral zone.
6:05 of 2nd period - Snap shot by Owen Tippet.
6:05 of 2nd period - Shot Blocked by Tyler Motte.
6:07 of 2nd period - Snap shot by Colton White.
6:07 of 2nd period - Shot Misses the Net.
6:13 of 2nd period - Snap shot by Owen Tippet.
6:13 of 2nd period - Deflect By Keaton Middleton.
6:13 of 2nd period - Shot Blocked by Kevin Bahl.
6:13 of 2nd period - Puck is out of play.
6:14 of 2nd period - Jack Hughes wins face-off versus Alexander Barabanov in Eagles zone.
6:47 of 2nd period - Minor Penalty to Matteson Iacopelli for High sticking.
6:48 of 2nd period - Sam Steel wins face-off versus Alex Barre-Boulet in Eagles zone.
6:48 of 2nd period - Sam Steel is hit by Alex Barre-Boulet.
7:00 of 2nd period - Slapshot by K'Andre Miller.
7:00 of 2nd period - Goal by K'Andre Miller - Eagles : 2 - Wolfpack : 2.
7:01 of 2nd period - Nolan Patrick wins face-off versus Sam Steel in neutral zone.
7:06 of 2nd period - Wrist shot by Colton White.
7:06 of 2nd period - Stopped by Daniel Altshuller without a rebound.
7:07 of 2nd period - Nolan Patrick wins face-off versus Sam Steel in Eagles zone.
7:08 of 2nd period - Snap shot by Owen Tippet.
7:08 of 2nd period - Shot Misses the Net.
7:10 of 2nd period - Slapshot by Colton White.
7:10 of 2nd period - Stopped by Daniel Altshuller with a rebound.
7:12 of 2nd period - Wrist shot by Nolan Patrick.
7:12 of 2nd period - Stopped by Daniel Altshuller with a rebound.
7:14 of 2nd period - Slapshot by Owen Tippet.
7:14 of 2nd period - Stopped by Daniel Altshuller with a rebound.
7:20 of 2nd period - Wrist shot by Owen Tippet.
7:20 of 2nd period - Shot Blocked by Mattias Samuelsson.
7:22 of 2nd period - Snap shot by Owen Tippet.
7:22 of 2nd period - Shot Misses the Net.
7:24 of 2nd period - Wrist shot by Alexander Barabanov.
7:24 of 2nd period - Stopped by Daniel Altshuller with a rebound.
7:45 of 2nd period - Off-side.
7:46 of 2nd period - Nolan Patrick wins face-off versus Sam Steel in neutral zone.
7:49 of 2nd period - Tyler Motte is hit by Owen Tippet and loses puck.
8:21 of 2nd period - Gabriel Vilardi is hit by Cale Fleury and loses puck.
8:52 of 2nd period - Slapshot by Jack Hughes.
8:52 of 2nd period - Stopped by Samuel Ersson with a rebound.
8:54 of 2nd period - Wrist shot by Jack Hughes.
8:54 of 2nd period - Deflect By Michael Carcone.
8:54 of 2nd period - Stopped by Samuel Ersson with a rebound.
8:56 of 2nd period - Wrist shot by Jack Hughes.
8:56 of 2nd period - Stopped by Samuel Ersson with a rebound.
8:58 of 2nd period - Snap shot by Gabriel Vilardi.
8:58 of 2nd period - Shot Misses the Net.
9:00 of 2nd period - Snap shot by Jack Hughes.
9:00 of 2nd period - Shot Misses the Net.
9:04 of 2nd period - Snap shot by Jack Hughes.
9:04 of 2nd period - Shot Blocked by Alexander Barabanov.
9:06 of 2nd period - Snap shot by Michael Carcone.
9:06 of 2nd period - Stopped by Samuel Ersson with a rebound.
9:25 of 2nd period - Minor Penalty to Alexander Barabanov for Holding.
9:26 of 2nd period - Zach Aston-Reese wins face-off versus Nolan Patrick in Wolfpack zone.
9:40 of 2nd period - Cale Fleury is hit by Keaton Middleton and loses puck.
10:21 of 2nd period - Tyler Motte is hit by Linus Sandin and loses puck.
10:55 of 2nd period - Dryden Hunt is hit by Tyler Motte.
11:25 of 2nd period - Penalty to Alexander Barabanov is over, Alexander Barabanov is back on ice.
12:13 of 2nd period - Mattias Samuelsson is hit by Yegor Korshkov and loses puck.
12:29 of 2nd period - K'Andre Miller is hit by Mattias Samuelsson and loses puck.
13:01 of 2nd period - Slapshot by Joshua Jacobs.
13:01 of 2nd period - Shot Blocked by Brett Leason.
14:41 of 2nd period - Keaton Middleton is hit by Shane Pinto and loses puck.
14:50 of 2nd period - Minor Penalty to Pius Suter for Hooking.
14:51 of 2nd period - Nolan Patrick wins face-off versus Tyler Motte in Eagles zone.
15:18 of 2nd period - Tyler Motte is hit by K'Andre Miller and loses puck.
15:38 of 2nd period - Off-side.
15:39 of 2nd period - Nolan Patrick wins face-off versus Jack Hughes in neutral zone.
16:12 of 2nd period - Snap shot by Colton White.
16:12 of 2nd period - Deflect By Dryden Hunt.
16:12 of 2nd period - Stopped by Daniel Altshuller without a rebound.
16:13 of 2nd period - Alex Barre-Boulet wins face-off versus Michael Carcone in Eagles zone.
16:18 of 2nd period - Slapshot by Andrei Altybarmakyan.
16:18 of 2nd period - Stopped by Daniel Altshuller without a rebound.
16:19 of 2nd period - Nolan Patrick wins face-off versus Sam Steel in Eagles zone.
16:26 of 2nd period - Wrist shot by Nolan Patrick.
16:26 of 2nd period - Shot Misses the Net.
16:28 of 2nd period - Wrist shot by Owen Tippet.
16:28 of 2nd period - Goal by Owen Tippet - Eagles : 2 - Wolfpack : 3.
16:29 of 2nd period - Sam Steel wins face-off versus Nolan Patrick in neutral zone.
16:31 of 2nd period - Off-side.
16:32 of 2nd period - Nolan Patrick wins face-off versus Sam Steel in neutral zone.
16:45 of 2nd period - Snap shot by Owen Tippet.
16:45 of 2nd period - Stopped by Daniel Altshuller with a rebound.
16:47 of 2nd period - Slapshot by Colton White.
16:47 of 2nd period - Stopped by Daniel Altshuller without a rebound.
16:48 of 2nd period - Alex Barre-Boulet wins face-off versus Jack Hughes in Eagles zone.
16:58 of 2nd period - Slapshot by Dryden Hunt.
16:58 of 2nd period - Shot Misses the Net.
17:00 of 2nd period - Backhand shot by K'Andre Miller.
17:00 of 2nd period - Stopped by Daniel Altshuller without a rebound.
17:01 of 2nd period - Sam Steel wins face-off versus Nolan Patrick in Eagles zone.
17:01 of 2nd period - Sam Steel is hit by Owen Tippet.
17:07 of 2nd period - Matthew Phillips is hit by K'Andre Miller and loses puck.
17:19 of 2nd period - Icing by Mattias Samuelsson.
17:20 of 2nd period - Alex Barre-Boulet wins face-off versus Sam Steel in Eagles zone.
17:23 of 2nd period - Slapshot by Andrei Altybarmakyan.
17:23 of 2nd period - Shot Misses the Net.
18:10 of 2nd period - Jake Marchment is hit by Sam Steel.
18:32 of 2nd period - Sam Steel is hit by Shane Pinto and loses puck.
18:41 of 2nd period - Wrist shot by Matthew Phillips.
18:41 of 2nd period - Shot Misses the Net.
18:43 of 2nd period - Slapshot by Mattias Samuelsson.
18:43 of 2nd period - Deflect By Sam Steel.
18:43 of 2nd period - Stopped by Samuel Ersson without a rebound.
18:44 of 2nd period - Jack Hughes wins face-off versus Alex Barre-Boulet in Wolfpack zone.
18:47 of 2nd period - Slapshot by Gabriel Vilardi.
18:47 of 2nd period - Stopped by Samuel Ersson with a rebound.
18:49 of 2nd period - Slapshot by Kevin Bahl.
18:49 of 2nd period - Stopped by Samuel Ersson without a rebound.
18:50 of 2nd period - Alex Barre-Boulet wins face-off versus Jack Hughes in Wolfpack zone.
18:50 of 2nd period - Alex Barre-Boulet is hit by Gabriel Vilardi.
19:22 of 2nd period - Slapshot by Owen Tippet.
19:22 of 2nd period - Stopped by Daniel Altshuller with a rebound.
19:42 of 2nd period - Slapshot by Nolan Patrick.
19:42 of 2nd period - Stopped by Daniel Altshuller with a rebound.
19:44 of 2nd period - Slapshot by Joshua Jacobs.
19:44 of 2nd period - Stopped by Daniel Altshuller with a rebound.
19:46 of 2nd period - Wrist shot by Joshua Jacobs.
19:46 of 2nd period - Stopped by Daniel Altshuller with a rebound.
Goals for this period are 1 for Eagles vs 2 for Wolfpack.
Shots for this period are 10 for Eagles vs 20 for Wolfpack.

3rd period


0:01 of 3rd period - Nolan Patrick wins face-off versus Jack Hughes in neutral zone.
1:08 of 3rd period - Nils Aman is hit by Owen Tippet and loses puck.
1:44 of 3rd period - Snap shot by Brett Leason.
1:44 of 3rd period - Shot Misses the Net.
1:50 of 3rd period - Wrist shot by Elmer Soderblom.
1:50 of 3rd period - Stopped by Samuel Ersson with a rebound.
2:35 of 3rd period - Slapshot by Matthew Phillips.
2:35 of 3rd period - Shot Blocked by Colton White.
2:37 of 3rd period - Slapshot by Justin Barron.
2:37 of 3rd period - Stopped by Samuel Ersson without a rebound.
2:38 of 3rd period - Nolan Patrick wins face-off versus Sam Steel in Wolfpack zone.
2:46 of 3rd period - Minor Penalty to Keaton Middleton for Holding Stick.
2:47 of 3rd period - Sam Steel wins face-off versus Nolan Patrick in Eagles zone.
4:46 of 3rd period - Penalty to Keaton Middleton is over, Keaton Middleton is back on ice.
4:59 of 3rd period - Snap shot by Elmer Soderblom.
4:59 of 3rd period - Stopped by Samuel Ersson with a rebound.
5:01 of 3rd period - Slapshot by Kevin Bahl.
5:01 of 3rd period - Shot Misses the Net.
5:03 of 3rd period - Slapshot by Max Lajoie.
5:03 of 3rd period - Shot Misses the Net.
5:05 of 3rd period - Snap shot by Brett Leason.
5:05 of 3rd period - Stopped by Samuel Ersson without a rebound.
5:06 of 3rd period - Zach Aston-Reese wins face-off versus Jake Marchment in Wolfpack zone.
5:07 of 3rd period - Slapshot by Pius Suter.
5:07 of 3rd period - Deflect By Matteson Iacopelli.
5:07 of 3rd period - Stopped by Samuel Ersson with a rebound.
5:09 of 3rd period - Slapshot by Pius Suter.
5:09 of 3rd period - Shot Misses the Net.
5:11 of 3rd period - Slapshot by Justin Barron.
5:11 of 3rd period - Shot Misses the Net.
5:22 of 3rd period - Slapshot by Pius Suter.
5:22 of 3rd period - Shot Misses the Net.
6:09 of 3rd period - Keaton Middleton is hit by Cale Fleury and loses puck.
6:28 of 3rd period - Minor Penalty to Owen Tippet for Holding.
6:29 of 3rd period - Nolan Patrick wins face-off versus Jack Hughes in Wolfpack zone.
6:29 of 3rd period - Nolan Patrick is hit by Jack Hughes.
7:22 of 3rd period - Dante Fabbro is hit by Gabriel Vilardi and loses puck.
8:28 of 3rd period - Penalty to Owen Tippet is over, Owen Tippet is back on ice.
8:56 of 3rd period - Icing by K'Andre Miller.
8:57 of 3rd period - Jake Marchment wins face-off versus Nils Aman in Wolfpack zone.
9:02 of 3rd period - Snap shot by Keaton Middleton.
9:02 of 3rd period - Stopped by Samuel Ersson with a rebound.
9:04 of 3rd period - Slapshot by Keaton Middleton.
9:04 of 3rd period - Stopped by Samuel Ersson without a rebound.
9:05 of 3rd period - Sam Steel wins face-off versus Nolan Patrick in Wolfpack zone.
9:32 of 3rd period - Andrei Altybarmakyan is hit by Pius Suter and loses puck.
10:01 of 3rd period - Jack Hughes is hit by Yegor Korshkov.
10:10 of 3rd period - Icing by Colton White.
10:11 of 3rd period - Sam Steel wins face-off versus Nolan Patrick in Wolfpack zone.
10:12 of 3rd period - Wrist shot by Matthew Phillips.
10:12 of 3rd period - Stopped by Samuel Ersson without a rebound.
10:13 of 3rd period - Sam Steel wins face-off versus Nolan Patrick in Wolfpack zone.
10:14 of 3rd period - Wrist shot by Tyler Motte.
10:14 of 3rd period - Stopped by Samuel Ersson with a rebound.
10:26 of 3rd period - Snap shot by Nolan Patrick.
10:26 of 3rd period - Stopped by Daniel Altshuller without a rebound.
10:27 of 3rd period - Jack Hughes wins face-off versus Nolan Patrick in Eagles zone.
10:34 of 3rd period - Slapshot by Gabriel Vilardi.
10:34 of 3rd period - Stopped by Samuel Ersson without a rebound.
10:35 of 3rd period - Nolan Patrick wins face-off versus Jack Hughes in Wolfpack zone.
10:35 of 3rd period - Nolan Patrick is hit by Michael Carcone.
10:49 of 3rd period - Snap shot by Owen Tippet.
10:49 of 3rd period - Stopped by Daniel Altshuller without a rebound.
10:50 of 3rd period - Sam Steel wins face-off versus Nolan Patrick in Eagles zone.
10:59 of 3rd period - Wrist shot by Owen Tippet.
10:59 of 3rd period - Shot Misses the Net.
11:01 of 3rd period - Wrist shot by Owen Tippet.
11:01 of 3rd period - Shot Blocked by Max Lajoie.
11:47 of 3rd period - Wrist shot by Jack Hughes.
11:47 of 3rd period - Shot Blocked by Joshua Jacobs.
11:49 of 3rd period - Slapshot by Keaton Middleton.
11:49 of 3rd period - Deflect By Gabriel Vilardi.
11:49 of 3rd period - Shot Blocked by Alex Barre-Boulet.
11:49 of 3rd period - Puck is out of play.
11:50 of 3rd period - Alexander Barabanov wins face-off versus Gabriel Vilardi in Wolfpack zone.
11:50 of 3rd period - Alexander Barabanov is hit by Michael Carcone.
12:06 of 3rd period - Snap shot by Gabriel Vilardi.
12:06 of 3rd period - Stopped by Samuel Ersson with a rebound.
12:35 of 3rd period - Nils Aman is hit by Linus Sandin and loses puck.
12:48 of 3rd period - Wrist shot by Yegor Korshkov.
12:48 of 3rd period - Shot Misses the Net.
13:02 of 3rd period - Slapshot by Tyler Motte.
13:02 of 3rd period - Shot Misses the Net.
14:08 of 3rd period - Alex Barre-Boulet is hit by Mattias Samuelsson and loses puck.
14:17 of 3rd period - Dante Fabbro is hit by Keaton Middleton and loses puck.
14:36 of 3rd period - Snap shot by Nolan Patrick.
14:36 of 3rd period - Stopped by Daniel Altshuller without a rebound.
14:37 of 3rd period - Gabriel Vilardi wins face-off versus Jake Marchment in Eagles zone.
15:41 of 3rd period - Alexander Barabanov is hit by Elmer Soderblom and loses puck.
17:08 of 3rd period - Sam Steel is hit by Colton White and loses puck.
17:21 of 3rd period - Michael Carcone is hit by K'Andre Miller and loses puck.
18:06 of 3rd period - Alex Barre-Boulet is hit by Kevin Bahl and loses puck.
19:11 of 3rd period - Eagles, Daniel Altshuller is pulled from the net.
19:13 of 3rd period - Wrist shot by Jack Hughes.
19:13 of 3rd period - Stopped by Samuel Ersson with a rebound.
19:21 of 3rd period - Snap shot by Yegor Korshkov.
19:21 of 3rd period - Shot Misses the Net.
19:23 of 3rd period - Wrist shot by Linus Sandin.
19:23 of 3rd period - Shot Misses the Net.
19:25 of 3rd period - Wrist shot by Tim Stutzle.
19:25 of 3rd period - Shot Misses the Net.
19:27 of 3rd period - Wrist shot by Nolan Patrick.
19:27 of 3rd period - Goal by Nolan Patrick - Eagles : 2 - Wolfpack : 4.
19:27 of 3rd period - Daniel Altshuller from Eagles was sent back in the game.
19:28 of 3rd period - Zach Aston-Reese wins face-off versus Jake Marchment in neutral zone.
19:43 of 3rd period - Santeri Hatakka is hit by Jake Marchment and loses puck.
Goals for this period are 0 for Eagles vs 1 for Wolfpack.
Shots for this period are 12 for Eagles vs 4 for Wolfpack.